 Dungeon Crawl Stone Soup version 0.32-a0-928-g1cae6b7ea0 (webtiles) character file.

Game seed: 15460559693807344174

89 kae the Changeling (level 4, -5/32 HPs)
             Began as a Demonspawn Shapeshifter on Apr 12, 2024.
             Slain by a gnoll
             ... wielding a +2 spear of flaming
             ... led by a gnoll bouda
              (6 damage)
             ... on level 3 of the Dungeon.
             The game lasted 00:01:29 (2609 turns).

kae the Changeling (Demonspawn Shapeshifter)        Turns: 2609, Time: 00:01:30

Health: -5/32      AC:  2    Str: 15    XL:     4   Next: 31%
Magic:  4/4        EV: 11    Int: 10    God:
Gold:   256        SH:  0    Dex: 14    Spells: 3/3 levels left

rFire   . .          .
                       - Unarmed
rCold   . . .        (no shield)
rNeg    . . .        a - +0 animal skin
rPois   .            (helmet currently unavailable)
rElec   .            (cloak currently unavailable)
rCorr   .            (gloves currently unavailable)
SInv    .            (boots currently unavailable)
Will    .....        (no amulet)
Stlth   +            (no ring)
HPRegen 0.25/turn    (no ring)
MPRegen 0.09/turn

%: no passive effects
@: beast-form
A: beast (slay +2), demonic touch 1
a: Begin Untransformation


You were on level 3 of the Dungeon.
You were a hulking beast.
You visited 1 branch of the dungeon, and saw 3 of its levels.

You collected 256 gold pieces.


Innate Abilities, Weirdness & Mutations

You are a hulking beast.
Your limbs bulge with bestial killing power. (Slay +2)
Your touch may inflict minor irresistible damage on your foes.


   Skills:
 - Level 1.0 Fighting
 - Level 1.7 Dodging
 + Level 3.4 Unarmed Combat
 * Level 3.9 Shapeshifting


You had 3 spell levels left.
You didn't know any spells.
Your spell library contained the following spells:

 Spells                   Type           Power      Damage    Failure   Level
 Magic Dart               Conj           0%         1d3       36%         1
 Blink                    Tloc           0%         N/A       50%         2
 Call Imp                 Summ           0%         N/A       50%         2

Inventory:

Missiles
 g - 28 stones (quivered)
 j - 6 poisoned darts
 q - 5 darts of dispersal {=f!f}
Armour
 a - a +0 animal skin (worn)
 m - a +0 pair of gloves
   (You found it on level 1 of the Dungeon)
Jewellery
 F - a ring of protection from fire
   (You found it on level 2 of the Dungeon)
Talismans
 c - a beast talisman (active)
 d - a flux talisman
 l - a maw talisman
   (You found it on level 1 of the Dungeon)
Wands
 r - a wand of paralysis (5)
   (You found it on level 3 of the Dungeon)
Scrolls
 e - 2 scrolls of identify {@r1}
 h - a scroll of immolation {!r!r}
 k - 2 scrolls of enchant armour {unknown}
 o - a scroll of teleportation {@r4}
 t - a scroll of summoning {unknown}
Potions
 b - 2 potions of lignification {!q}
 f - a potion of brilliance
 i - 2 potions of magic
 p - a potion of cancellation
 s - a potion of heal wounds {unknown}

Dungeon Overview and Level Annotations

Branches:
Dungeon (3/15) Zot: 15397

Altars:
Qazlal

Shops:
D:2

(
.........#......+......##+######
.........#......#.#######.######
.........#......#.# #...........
.....####......+.# #...........
##.## #......### #........... #.
##...### #........... #
######...# ###...........
#........#####.............
..PP.PP.g.h.##.#...........
.P.....gg##.##.########....
.P...P.P.##.##.# #...#....
.P..PP...##.##.# #.#.#....
.P.P.....##.##.# #.#.#....
..P...PP.##.##.####.#.#....
..P...P..##.#.......#......
#........##.###########.#..
###########.##..........#..


You could see a gnoll bouda and 2 gnolls.


Message History

An adder is nearby!
An adder is nearby!
You closely miss the adder. The adder closely misses you.
You hit the adder. You punch the adder. The adder barely misses you.
An adder is nearby!
You hit the adder but do no damage. The adder misses you.
You hit the adder. Your touch misses the adder. The adder closely misses you.
The adder barely misses you.
An adder is nearby!
You closely miss the adder. The adder misses you.
You completely miss the adder. The adder barely misses you.
An adder is nearby!
You punch the adder!
You kill the adder!
No target in view!
Key pressed, stopping explore.
No target in view!
No target in view!
You see here a +0 short sword.
Key pressed, stopping explore.
No target in view!
No target in view!
There is an open door here.
You now have 246 gold pieces (gained 10).
i - 2 potions of magic (gained 1) Key pressed, stopping explore.
No target in view!
No target in view!
t - a scroll labelled QEAMOES FAKAAKH No target in view!
No target in view!
You now have 256 gold pieces (gained 10).
You open the door.
Found a stone staircase leading up.
No target in view!
No target in view!
Key pressed, stopping explore.
No target in view!
No target in view!
A gnoll comes into view. It is wielding a +0 spear.
The gnoll shouts!
A gnoll bouda and 2 gnolls come into view.
The gnoll bouda is wielding a +1 whip of electrocution.
A gnoll is wielding a +2 spear of flaming.
The gnoll bouda shouts!
The gnoll shouts!
The gnoll bouda barks out a call to the hunt!
The gnolls pick up the pace!
The gnoll hits the plant with a +2 spear of flaming.
The plant begins to die.
The gnoll burns the plant.
The gnoll hits you from afar with a +0 spear. 😕 HP[-5]
You take 5 damage, and now have 27/32 hp.
There are monsters nearby!
The gnoll hits you but does no damage. The gnoll misses you.
The gnoll hits the plant with a +2 spear of flaming.
The gnoll burns the plant.
You hit the gnoll.
You touch the gnoll!
You kill the gnoll!
The gnoll hits you from afar with a +0 spear.
The gnoll hits the plant with a +2 spear of flaming!
The gnoll burns the plant. 😮 HP[-3]
You take 3 damage, and now have 24/32 hp.
There are monsters nearby!
The gnoll hits you with a +0 spear.
The gnoll hits you from afar with a +2 spear of flaming!
* * * LOW HITPOINT WARNING * * *
The gnoll burns you.
* * * LOW HITPOINT WARNING * * *
Things that are here:
a +0 spear; a gnoll corpse You are too injured to fight recklessly!
There are monsters nearby!
You are too injured to fight recklessly!
You are too injured to fight recklessly! 😱 HP[-18]
You take 18 damage, and now have 6/32 hp.
MASSIVE DAMAGE!! (PAUSE)
Okay, then.
A nearby plant withers and dies.
The gnoll hits you from afar with a +0 spear.
* * * LOW HITPOINT WARNING * * *
😱 HP[-4]
You take 4 damage, and now have 2/32 hp.
It was a potion of curing.
You feel better. The gnoll bouda completely misses you.
The gnoll barely misses you.
The gnoll hits you but does no damage. 😱 HP[+6]
You regained 6 hp, and now have 8/32 hp.
The gnoll bouda hits you with a +1 whip of electrocution.
* * * LOW HITPOINT WARNING * * *
The gnoll attacks as it pursues you!
The gnoll hits you from afar with a +0 spear.
* * * LOW HITPOINT WARNING * * *
The gnoll barely misses you. 😱 HP[-7]
You take 7 damage, and now have 1/32 hp.
MASSIVE DAMAGE!! (PAUSE)
The gnoll attacks as it pursues you!
The gnoll hits you from afar with a +2 spear of flaming.
You die...

Skill      XL: |  1  2 |
---------------+-------+-----
Shapeshifting  | 3 |  3.9
Unarmed Combat | 3 |  3.4
Fighting       | |  1.0
Dodging        | |  1.7

Action                     |  1- 3 |  4- 6 || total
---------------------------+-------+-------++-------
  Melee: Unarmed           |    96 |    15 ||   111
         Punch             |     2 |     1 ||     3
         Touch             |    13 |     1 ||    14
    Use: Scroll            |     6 |       ||     6
         Potion            |       |     1 ||     1
   Stab: Sleeping          |     2 |       ||     2
 Armour: Animal skin       |    47 |    12 ||    59
  Dodge: Dodged            |    39 |    15 ||    54

Levels and vault maps discovered:
D:1:      evilmike_arrival_hilbert_curve, layout_basic,
          hellmonk_ecumenical_altar_blasted
D:2:      layout_basic, serial_shops, nicolae_square_shop
D:3:      layout_basic, mainiacjoe_overflow_surrounded_room,
          nicolae_grassy_gnolls

Notes
Turn   | Place    | Note
-------+----------+-------------------------------------------
     0 | D:1      | kae the Demonspawn Shapeshifter began the quest for the
                  | Orb.
     0 | D:1      | Reached XP level 1. HP: 15/15 MP: 1/1
     0 | D:1      | magus.rc [v1.11.3]
    44 | D:1      | You pick up a book of Minor Magic and begin reading...
    44 | D:1      | You add the spells Magic Dart, Blink and Call Imp to your
                  | library.
    54 | D:1      | HP: 3/15 [frozen (3)]
    56 | D:1      | HP: 1/15 [goblin/+0 club (2)]
   202 | D:1      | Reached skill level 3 in Shapeshifting
   277 | D:1      | Gained mutation: Your touch may inflict minor irresistible
                  | damage on your foes. [demonic ancestry]
   277 | D:1      | Reached XP level 2. HP: 21/21 MP: 2/2
   468 | D:1      | Found a faded altar of an unknown god.
   627 | D:1      | Reached skill level 3 in Unarmed Combat
  1052 | D:2      | Reached XP level 3. HP: 10/26 MP: 3/3
  1102 | D:2      | Found Niummuol's Weapon Boutique.
  2090 | D:3      | Found a stormy altar of Qazlal.
  2193 | D:3      | Reached XP level 4. HP: 20/32 MP: 4/4
  2605 | D:3      | HP: 6/32 [gnoll/+2 spear of flaming[a gnoll bouda] (4)]
  2606 | D:3      | HP: 2/32 [gnoll/+0 spear[a gnoll bouda] (4)]
  2609 | D:3      | Slain by a gnoll

Vanquished Creatures
  A gnoll (D:3)
  3 adders
  3 dart slugs
  A ribbon worm (D:3)
  5 ball pythons
  6 endoplasms
  6 goblins
  4 hobgoblins
  2 quokkas (D:3)
  2 bats (D:1)
  5 frilled lizards
  2 kobolds
  4 rats
44 creatures vanquished.

Table legend:
 A = Non-vault XP
 B = Vault XP
 C = Vault XP percentage of total XP
 D = Non-vault monster count
 E = Vault monster count
 F = Vault count percentage of total count
                 A         B        C        D         E       F
            +---------+---------+-------+---------+---------+-------
      Total |     113 |      15 |  11.7 |      43 |       1 |   2.3
            +---------+---------+-------+---------+---------+-------
        D:1 |      33 |       0 |   0.0 |      18 |       0 |   0.0
        D:2 |      32 |       0 |   0.0 |      10 |       0 |   0.0
        D:3 |      48 |      15 |  23.8 |      15 |       1 |   6.2
            +---------+---------+-------+---------+---------+-------

Skill      XL: |  1  2 |
---------------+-------+-----
Shapeshifting  | 3 |  3.9
Unarmed Combat | 3 |  3.4
Fighting       | |  1.0
Dodging        | |  1.7

Action                     |  1- 3 |  4- 6 || total
---------------------------+-------+-------++-------
  Melee: Unarmed           |    96 |    15 ||   111
         Punch             |     2 |     1 ||     3
         Touch             |    13 |     1 ||    14
    Use: Scroll            |     6 |       ||     6
         Potion            |       |     1 ||     1
   Stab: Sleeping          |     2 |       ||     2
 Armour: Animal skin       |    47 |    12 ||    59
  Dodge: Dodged            |    39 |    15 ||    54

Illustrated notes

Table legend:
 A = Kills in this place as a percentage of kills in the entire game.
 B = Kills by you in this place as a percentage of kills by you in the entire game.
 C = Kills by friends in this place as a percentage of kills by friends in the entire game.
 D = Other kills in this place as a percentage of other kills in the entire game.
 E = Experience gained in this place as a percentage of experience gained in the entire game.
 F = Experience gained in this place divided by the number of levels of this place that you have seen.
                   A       B       C       D       E      F
               +-------+-------+-------+-------+-------+----------------------
         Total | 100.0 | 100.0 |   N/A |   N/A | 100.0 |  42.7
       Dungeon | 100.0 | 100.0 |   N/A |   N/A | 100.0 |  42.7
               +-------+-------+-------+-------+-------+----------------------

Table legend: (Time is in decaauts)
 A = Elapsed time spent in this place.
 B = Non-inter-level travel time spent in this place.
 C = Inter-level travel time spent in this place.
 D = Time resting spent in this place.
 E = Time spent auto-exploring this place.
 F = Levels seen in this place.
 G = Mean time per level.
                   A        B        C        D        E       F      G
               +--------+--------+--------+--------+--------+-----+--------+
         Total |   2601 |   2499 |    102 |     57 |   2139 |   3 |  867.0 |
       Dungeon |   2601 |   2499 |    102 |     57 |   2139 |   3 |  867.0 |
               +--------+--------+--------+--------+--------+-----+--------+

Top non-repeatable levels by time:
     D:1: 1011 daAuts
     D:2: 822 daAuts
     D:3: 767 daAuts
